Cogmind - Beta 15 @@@ ROGUE MODE // 2025.09.27 @ 15:47:12 Player: Autumn Result: Destroyed by G-34 Mercenary with Small Laser Performance ------------- Evolutions (1) 500 Regions Visited (2) 400 Robots Destroyed (12) 60 Value Destroyed (296) 296 Prototype IDs (0) 0 Alien Tech Used (0) 0 Bonus (0) 0 TOTAL SCORE: 1256 Bonus ------- None Cogmind --------- Core Integrity 0/400 Matter 91/300 Energy 99/100 System Corruption 0% Temperature Cool (6) Movement Core (50) Location -9/Materials Parts ------- > --- POWER (1) -------- (None) > --- PROPULSION (4) --- (None) > --- UTILITY (2) ------ (None) > --- WEAPON (2) ------- (None) > --- INVENTORY (5) ---- Medium Storage Unit ECM Suite Peak State ------------ > --- POWER ------------ Light Nuclear Core > --- PROPULSION ------- Flight Unit Flight Unit Flight Unit > --- UTILITY ---------- Weight Redist. System ECM Suite > --- WEAPON ----------- Small Laser Light Assault Rifle > --- INVENTORY -------- Ion Engine Light Ion Engine Small Battery [Rating: 11] Favorites ----------- Power Light Ion Engine Engine Light Ion Engine Power Core Light Nuclear Core Propulsion Flight Unit Wheel Wheel Flight Unit Flight Unit Utility ECM Suite Device ECM Suite Storage Small Battery Weapon Light Assault Rifle Energy Gun Small Laser Ballistic Gun Light Assault Rifle Ballistic Cannon Light Cannon Launcher Grenade Launcher Build | -11 -10 -9 ------- Run | Yrd Mat Mat Slots Evolved 2 | . . 2 Power . | . . . Propulsion 2 | . . 2 Utility . | . . . Weapon . | . . . Parts Attached 23 | 5 14 4 Power 5 | 1 3 1 Engine 4 | 1 2 1 Core 1 | . 1 . Reactor . | . . . Propulsion 5 | 2 2 1 Treads . | . . . Leg . | . . . Wheel 2 | 2 . . Hover . | . . . Flight 3 | . 2 1 Utility 5 | . 4 1 Device 4 | . 3 1 Storage 1 | . 1 . Processor . | . . . Hackware . | . . . Protection . | . . . Artifact . | . . . Weapon 8 | 2 5 1 Energy Gun 3 | 1 2 . Energy Cannon . | . . . Ballistic Gun 3 | 1 2 . Ballistic Cannon 1 | . . 1 Launcher 1 | . 1 . Special Weapon . | . . . Impact Weapon . | . . . Slashing Weapon . | . . . Piercing Weapon . | . . . Special Melee Weapon . | . . . Unidentified Prototypes . | . . . Parts Lost 12 | . 2 10 Power 3 | . 1 2 Propulsion 4 | . 1 3 Utility 2 | . . 2 Weapon 3 | . . 3 Highest Loss Streak 9 | . 2 9 To Critical Strikes . | . . . Average Backups 3 | . 3 3 Power . | . 1 . Propulsion . | . . . Utility . | . . 1 Weapon 1 | . 1 . Tool/Special . | . . . Unused Backups 4 | . 3 1 Power 1 | . 1 . Propulsion 1 | . 1 . Utility 1 | . . 1 Weapon 1 | . 1 . Tool/Special . | . . . Average Slot Usage (%) 75 | . 77 73 Engine 6 | . 10 2 Core 4 | . 2 7 Wheel 3 | . 7 . Flight 21 | . 19 24 Device 15 | . 13 17 Storage 2 | . 2 2 Energy Gun 4 | . 6 2 Ballistic Gun 10 | . 10 9 Ballistic Cannon 3 | . . 7 Launcher 1 | . 3 . Peak Build Rating 11 | 5 9 11 Average Rating 7 | 3 6 9 On Entrance 4 | . 5 7 Naked Turns 8 | . . 8 Heaviest Build 12 | 7 11 12 Greatest Support 20 | 20 20 18 Greatest Overweight (x) 2 | . 1 2 Average Overweight (x) . | . . . Largest Inventory Capacity 5 | 5 5 5 Average Capacity 5 | 5 5 5 Most Carried 5 | 3 5 4 Average Carried 3 | . 4 3 Final Capacity 5 | 5 5 5 Final Carried 5 | 2 5 2 Class Distribution -------------------- 67% | Mutant 32% | Scavenger-Mutant Dominant Class ---------------- Mutant | -10/Materials Scavenger-Mutant | -9/Materials Resources | -11 -10 -9 ----------- Run | Yrd Mat Mat Matter Collected 486 | 259 129 98 Remotely . | . . . Salvage Created 334 | 33 152 149 Parts 28 | 1 18 9 Haulers Intercepted . | . . . Recyclers Shooed . | . . . Parts Field Recycled . | . . . Retrieved Matter . | . . . Parts Self-Destructed . | . . . Prevented . | . . . Kills | -11 -10 -9 ------- Run | Yrd Mat Mat Combat Hostiles Destroyed 9 | 1 6 2 Guns 6 | 1 4 1 Cannons 1 | . . 1 AOE 2 | . 2 . Classes Destroyed 6 | 1 2 3 Recycler 1 | . . 1 Operator 1 | . . 1 Watcher 1 | . 1 . Swarmer 3 | . 3 . Grunt 5 | 1 3 1 Sentry 1 | . . 1 Best Kill Streak 2 | 1 2 2 Combat Bots Only 2 | 1 2 1 Max Kills in Single Turn 1 | 1 1 1 Gunslinging . | . . . Exploded 1 | . 1 . Melee . | . . . Uniques/NPCs Destroyed . | . . . Combat | -11 -10 -9 -------- Run | Yrd Mat Mat Hostile Shots Fired 161 | 4 40 117 Missed 58 | 1 15 42 Hits 103 | 3 25 75 Projectile 103 | 3 25 75 Critical Strikes 4 | . . 4 Damage Taken 1181 | 32 253 896 Core 445 | 10 34 401 Absorbed by Shields . | . . . Core Remaining (%) 89 | 96 82 . Volleys Fired 51 | 3 24 24 Largest 2 | 2 2 2 Hottest 70 | 70 65 50 Shots Fired 75 | 6 25 44 Gun 51 | 6 21 24 Cannon 20 | . . 20 Launcher 4 | . 4 . Special . | . . . Kinetic 60 | 3 14 43 Thermal 10 | 3 6 1 Explosive 4 | . 4 . Electromagnetic 1 | . 1 . Robot Hit Streak 8 | 1 2 8 Robot Miss Streak 4 | 2 4 3 Penetration Max . | . . . Secondary Targets . | . . . Shots Hit Robots 38 | 2 10 26 Core Hits 24 | 2 12 10 Critical Kills . | . . . Critical Parts Destroyed . | . . . Critical Strikes 1 | 1 . . Burn 1 | 1 . . Melee Attacks . | . . . Impact . | . . . Slashing . | . . . Piercing . | . . . Sneak Attacks . | . . . Combat Hostiles . | . . . Follow-up Attacks . | . . . Damage Inflicted 645 | 40 255 350 Guns 288 | 40 120 128 Cannons 210 | . . 210 Explosions 135 | . 135 . Melee . | . . . Ramming 12 | . . 12 Kinetic 439 | 15 86 338 Thermal 59 | 25 34 . Explosive 135 | . 135 . Electromagnetic . | . . . Impact . | . . . Slashing . | . . . Piercing . | . . . Highest Corruption . | . . . Average Corruption . | . . . Corruption Purged . | . . . Corruption Blocked . | . . . Overload Shots . | . . . Overflow Damage 7 | . . 7 Projectiles 7 | . . 7 Explosions . | . . . Melee . | . . . Knockbacks 4 | . . 4 Impact . | . . . Kinetic 4 | . . 4 Secondary . | . . . Self-Inflicted Damage 46 | . 41 5 Shots 2 | . 2 . Rammed 3 | . . 3 Targets Rammed 3 | . . 3 Kicked . | . . . Crushed . | . . . Highest Temperature 45 | 45 24 36 Average Temperature 13 | 25 8 12 Received Heat Transfer 459 | 18 27 414 Siege Activations . | . . . Martial Activations . | . . . Shielding Activations . | . . . Robots Disrupted . | . . . Combat Hostiles . | . . . Robots Corrupted . | . . . Combat Hostiles . | . . . Parts Fried . | . . . Impact Corruptions . | . . . Robots Melted . | . . . Combat Hostiles . | . . . Parts Melted 2 | 2 . . Heat Transferred 223 | 148 75 . Parts Sabotaged . | . . . Parts Stolen . | . . . Parts Stripped . | . . . Power Chain Reactions . | . . . Alert | -11 -10 -9 ------- Run | Yrd Mat Mat Maximum Alert Level . | . . . Low Security (%) 100 | 100 100 100 Level 1 . | . . . Level 2 . | . . . Level 3 . | . . . Level 4 . | . . . Level 5 . | . . . High Security . | . . . Max Security . | . . . Peak Influence 73 | 20 73 30 Initial 30 | . 13 30 Average 13 | 2 23 7 Influence Increases 268 | 20 188 60 Destroy 0b10 Robot/C 180 | 20 120 40 Destroy 0b10 Robot/NC 15 | . 5 10 Destroy Leader 42 | . 32 10 Destroy Structure 31 | . 31 . Influence Decreases 268 | . 135 133 Entered New Map 50 | . 7 43 Time Decay 168 | . 108 60 Lost Part 50 | . 20 30 Squads Dispatched 3 | . 1 2 Investigation 1 | . . 1 Extermination . | . . . Reinforcement 2 | . 1 1 Assault . | . . . Garrison . | . . . Intercept . | . . . Searches Triggered . | . . . Construction Impeded . | . . . Haulers Reinforced . | . . . Active Scanning Responses . | . . . Cargo Convoy Interrupts . | . . . Stealth | -11 -10 -9 --------- Run | Yrd Mat Mat Distress Signals 2 | . . 2 Communications Jammed . | . . . Distress Signals . | . . . Times Spotted 38 | 1 11 26 Peak Tracking Total 20 | 1 3 20 Tactical Retreats 3 | . 1 2 Traps | -11 -10 -9 ------- Run | Yrd Mat Mat Traps Triggered . | . . . Indirectly . | . . . Trap Hack Attempts . | . . . Triggered . | . . . Disarmed . | . . . Reprogrammed . | . . . Reused . | . . . Traps Extracted . | . . . Installed . | . . . Triggered . | . . . Machines | -11 -10 -9 ---------- Run | Yrd Mat Mat Machines Disabled . | . . . Max in Single Turn . | . . . Machines Repaired . | . . . Machines Dismantled . | . . . Machines Sabotaged . | . . . Overloaded Fab Kills . | . . . Hacking | -11 -10 -9 --------- Run | Yrd Mat Mat Machines Accessed 4 | . 1 3 Terminals 4 | . 1 3 Fabricators . | . . . Repair Stations . | . . . Recycling Units . | . . . Scanalyzers . | . . . Garrison Access . | . . . Total Hacks 7 | . 1 6 Successful 2 | . 1 1 Failed 5 | . . 5 Catastrophic . | . . . Database Lockouts . | . . . Manual . | . . . Terminals 7 | . 1 6 Fabricators . | . . . Repair Stations . | . . . Recycling Units . | . . . Scanalyzers . | . . . Garrison Access . | . . . Terminal Hacks 2 | . 1 1 Alert Level 1 | . . 1 Dispatch Records 1 | . 1 . Fabricator Hacks . | . . . Repair Station Hacks . | . . . Recycling Unit Hacks . | . . . Scanalyzer . | . . . Garrison Access Hacks . | . . . Unauthorized Hacks . | . . . Terminals . | . . . Fabricators . | . . . Repair Stations . | . . . Recycling Units . | . . . Scanalyzers . | . . . Garrison Access . | . . . Data Cores Recovered . | . . . Used . | . . . Hacking Detections 4 | . 1 3 Full Trace Events 1 | . . 1 Feedback Events . | . . . Feedback Blocked . | . . . Robot Schematics Acquired . | . . . Robots Built . | . . . Authchips . | . . . Time . | . . . Total Robot Build Rating . | . . . Part Schematics Acquired . | . . . Parts Built . | . . . Authchips . | . . . Time . | . . . Total Part Build Rating . | . . . Parts Repaired . | . . . Time . | . . . Parts Recycled . | . . . Recycled Matter . | . . . Retrieved Matter . | . . . Retrieved Components . | . . . Parts Scanalyzed . | . . . Part Schematics Acquired . | . . . Parts Damaged . | . . . Bothacking | -11 -10 -9 ------------ Run | Yrd Mat Mat Used RIF Installer . | . . . Robots Hacked . | . . . Non-combat . | . . . Combat . | . . . Robot Hacks Applied . | . . . Relay Couplers Released . | . . . Fabnet Peak Effective % . | . . . Robots Rewired . | . . . Allies Hacked . | . . . Hacks Repelled . | . . . Allies | -11 -10 -9 -------- Run | Yrd Mat Mat Total Allies . | . . . Largest Group . | . . . Highest-Rated Group . | . . . Highest-Rated Ally . | . . . Total Orders . | . . . Ally Attacks . | . . . Total Damage . | . . . Kills . | . . . Allies Corrupted . | . . . Allies Melted . | . . . Intel | -11 -10 -9 ------- Run | Yrd Mat Mat Active Infowar (turns) 287 | . 88 199 ECM 287 | . 88 199 Robot Analysis Total . | . . . Derelict Logs Recovered . | . . . Drone Launches . | . . . Drone Recoveries . | . . . Exploration | -11 -10 -9 ------------- Run | Yrd Mat Mat Turns Passed 653 | 99 299 255 Spaces Moved 866 | 100 392 374 Core 63 | 26 . 37 Treads . | . . . Legs . | . . . Wheels 123 | 74 49 . Hover . | . . . Flight 680 | . 343 337 Fastest Speed 34 | 50 37 34 Average Speed 44 | 72 42 39 Slowest Speed 150 | 80 95 150 Overloaded Moves . | . . . Propulsion Burnouts . | . . . Robots Hopped 7 | . 3 4 Potential Cave-ins . | . . . Cave-ins Triggered . | . . . Exploration Rate (%) 25 | 5 43 28 Regions Visited 2 Branch Regions . Pre-discovered Areas . | . . . Known Exits Taken . | . . . Unknown Exits Taken 2 | 1 1 . Scrap Searched . | . . . Spaces Dug . | . . . Terrain Destroyed 32 | . 32 . Melee . | . . . Projectile . | . . . AOE 32 | . 32 . Terrain Rammed . | . . . Walls Destroyed . | . . . Machines Disabled . | . . . Actions | -11 -10 -9 --------- Run | Yrd Mat Mat Total 1062 | 120 504 438 Wait 60 | 6 31 23 Move 850 | 99 385 366 Hop 7 | . 3 4 Pick Up 29 | 7 18 4 Fast Attach . | . . . Attach 30 | 5 18 7 Detach 10 | . 8 2 Swap 7 | . 4 3 Drop 15 | . 13 2 Fire 51 | 3 24 24 Melee . | . . . Ram 3 | . . 3 Kick . | . . . Crush . | . . . Escape Stasis . | . . . Rewire . | . . . Trap . | . . . Miscellaneous . | . . . Route ------- -11/Scrapyard -10/Materials (discovered 2 exits: *Mat / [*Min]) -9/Materials (discovered 1 exit: [*Min]) History --------- Turn | Location | Event 2 | -11/Scrapyard | Met Revision 17 74 | -11/Scrapyard | Discovered new exit (range 8) 100 | -11/Scrapyard | Entered Materials 189 | -10/Materials | Discovered new exit (range 16) 253 | -10/Materials | Discovered new exit (range 8) 399 | -10/Materials | Entered another Materials area 399 | -9/Materials | Evolved 2 slots: Propulsion x2 636 | -9/Materials | Discovered new exit (range 16) 641 | -9/Materials | Core integrity fell below 50% 650 | -9/Materials | Core integrity fell below 20% 654 | -9/Materials | Destroyed by G-34 Mercenary with Small Laser Last Messages --------------- active weapons. That window and button are only visible while in targeting mode. See the manual for a detailed description of its advanced features. Lgt. Assault Rifle destroyed. R-06 Scavenger collects Aluminum Leg. Flight Unit destroyed. Critical hit (Burn: +37). G-34 Mercenary destroyed. R-06 Scavenger collects Sml. Laser. Acquired 32 matter. R-06 Scavenger collects Aluminum Leg. Imp. Ion Engine destroyed. Acquired 1 matter. EXIT=FOUND Sml. Laser destroyed. Sml. Battery destroyed. Slammed into S-10 Pest. Slammed into Y-45 Defender. W-16 Scout sends out distress signal. [Achievement: Hunted] Map ----- +----------------------------------------------------+ | ?????????????????????????????????????????????????? | | ?????????????????????????????????????????????????? | | ?????????????????????????????????????????????????? | | ?????????????????????????????????????????????????? | | ?????????????????????????????????????????????????? | | ?????????????????????????????????????????????????? | | ?????????????????????????????????????????????????? | | ?????????????????????????????????????????????????? | | ?????????????????????????????????????????????????? | | ?????????????????????????????????????????????????? | | ?????????????????????????????????????????????????? | | ??????????????? ???????????????????????????????? | | ?????????????? #??????????????????????????????? | | ????????????? #??????????????????????????????? | | ?????????????? #??????????????????????????????? | | ?????????????? /??????????????????????????????? | | ??????????????# #??????????????????????????????? | | ??????????????# #??????????????????????????????? | | ??????????????# #??????????????????????????????? | | ??????????????# #??????????????????????????????? | | ??????????????# #????#########?????????????????? | | ??????????????# #????#""|"|""#?????????????????? | | ???#######???## ##???# "|"|" #??? #??????????? | | ???# ##### ##### # #??????????? | | ???# %% a g ????????? | | ???# " g g @ < g a ????????? | | ???# r Y gg Yssss w ????????? | | ???# ##### g ##### ##+####???????????? | | ???## ##??####/#####?#########?????????????????? | | ????# #???# #???????????????????????????? | | ????# #???# """#???????????????????????????? | | ????# ^ #???# """#???????????????????????????? | | ????#^ #???# """#???????????????????????????? | | ????# #???# """#???????????????????????????? | | ????# #???# #???????????????????????????? | | ????+ #???# #???????????????????????????? | | ????# #???# #???????????????????????????? | | ???## ##??# #???????????????????????????? | | #### #??##########???????????????????????????? | | #???????????????????????????????????????? | | #???????????????????????????????????????? | | #???????????????????????????????????????? | | #### #???????????????????????????????????????? | | ###### ###???????????????????????????????????????? | | #?# #?########????????????????????????????????? | | ### ### #????????????????????????????????? | | # # """ #????????????????????????????????? | | # # """ #????????????????????????????????? | | + + """ #????????????????????????????????? | | # # #????????????????????????????????? | +----------------------------------------------------+ Best States ------------- Heat Dissipation 28 Coolant Potential 100 Energy Generation 14 Energy Capacity 365 Matter Stores 300 Matter Capacity 300 Sight Range 16 Terrain Scan Density 10 ECM Strength 1 Additional Mass Support 6 Evasion (%) 62 Item Schematics ----------------- None Robot Schematics ------------------ None Fabricated ------------ Nothing Repaired ---------- Nothing Alien Tech Used ----------------- None Achievements -------------- Hunted One Hack Too Far Challenges ------------ None Game ------ Seed TerrabombGlidesysConstruct Manual? 0 Play Time 00:25:34 Cumulative 0.9 hours Start 2025.09.27 @ 15:24:24 End 2025.09.27 @ 15:47:12 Sessions 1 Manual Loads 0 Difficulty Rogue Special Mode None Game No. 2 Rogue 2 Adventurer 0 Explorer 0 Win Type - Total 0 Types 0/0/0/0/0/0/0/0/0/0 Lore% 0 Gallery% 2 Achievement% 3 Wizard Run 0 Options --------- Layout 1 ASCII 0 Keyboard 0 Movement Arrows Keybinds 0 Fullscreen 1 Font 24/Smallcaps Map View 76x35 Zoom Use 0% Tactical HUD 0 Map Filters NONE Filters NONE Steam 1 RUN: edb08f99-f22d-4fb6-9925-dc5506fdfad4